 Dungeon Crawl Stone Soup version 0.31-a0-675-g238779eb0a (webtiles) character file.

Game seed: 14438369942078839335

6958 Pooter the Cleaver (level 10, -1/91 HPs)
             Began as a Minotaur Berserker on Sept 5, 2023.
             Was a Priest of Trog.
             Succumbed to Sonja's curare-tipped dart
             ... on level 10 of the Dungeon.
             The game lasted 00:43:32 (9633 turns).

Pooter the Cleaver (Minotaur Berserker)             Turns: 9633, Time: 00:43:32

Health: -1/91      AC: 16    Str: 24    XL:     10   Next: 81%
Magic:  9/9        EV:  7    Int:  6    God:    Trog [***...]
Gold:   283        SH:  5    Dex: 10    Spells: 9/9 levels left

rFire   . . .        a - +0 war axe (heavy)
rCold   . . .        (no shield)
rNeg    . . .        G - +3 plate armour
rPois   .            (helmet restricted)
rElec   .            (no cloak)
rCorr   .            p - +0 pair of gloves
SInv    +            q - +0 pair of boots
Will    ++...        g - amulet of reflection Stlth
                     S - ring of see invisible
HPRegen 1.35/turn    (no ring)
MPRegen 0.11/turn

%: reflection
@: lethally poisoned (-1 -> -15), strong-willed, on berserk cooldown,
regenerating, slowed, very slow
A: horns 2, retaliatory headbutt
a: Renounce Religion, Berserk, Trog's Hand


You were on level 10 of the Dungeon.
You worshipped Trog.
Trog was most pleased with you.
You visited 1 branch of the dungeon, and saw 10 of its levels.

You collected 624 gold pieces.
You spent 341 gold pieces at shops.

Inventory:

Hand Weapons
 a - a +0 heavy war axe (weapon)
   (You found it on level 1 of the Dungeon)
 b - a +1 orcbow of flaming
   (You bought it in a shop on level 2 of the Dungeon)
 c - a +0 rapier of holy wrath
   (You found it on level 1 of the Dungeon)
 n - the +5 hand axe "Bidu" {antimagic, Dex+3}
   (You found it on level 3 of the Dungeon)

   Dex+3:     It affects your dexterity (+3).
 s - a +0 flail of draining
   (You took it off a gnoll on level 3 of the Dungeon)
 H - a +0 vampiric demon trident
   (You took it off an orc wizard on level 8 of the Dungeon)
Missiles
 d - 3 javelins (quivered)
 m - 37 poisoned darts
 r - 6 atropa-tipped darts
 B - 2 throwing nets {!f}
 F - 2 boomerangs
 Q - 88 stones
Armour
 p - a +0 pair of gloves (worn)
   (You found it on level 2 of the Dungeon)
 q - a +0 pair of boots (worn)
   (You found it on level 7 of the Dungeon)
 G - a +3 plate armour (worn)
   (You found it on level 8 of the Dungeon)
Jewellery
 g - an amulet of reflection (around neck)
   (You found it on level 8 of the Dungeon)
 S - a ring of see invisible (left hand)
   (You bought it in a shop on level 9 of the Dungeon)
Wands
 f - a wand of flame (34)
   (You found it on level 4 of the Dungeon)
 u - a wand of paralysis (7)
   (You found it on level 4 of the Dungeon)
 w - a wand of roots (20)
   (You found it on level 4 of the Dungeon)
 y - a wand of mindburst (10)
   (You found it on level 5 of the Dungeon)
Scrolls
 l - a scroll of revelation
 t - 2 scrolls of teleportation {@r4}
 z - 2 scrolls of vulnerability {!r}
 A - 2 scrolls of blinking
 C - a scroll of fear
 D - a scroll of brand weapon
 E - a scroll of summoning
 I - a scroll of enchant weapon {unknown}
Potions
 h - 3 potions of enlightenment {unknown}
 i - a potion of lignification {unknown}
 j - a potion of magic {unknown}
 k - a potion of mutation {unknown}
 o - 3 potions of heal wounds {@q2}
 v - a potion of ambrosia {unknown}
 x - 8 potions of curing {@q1}


   Skills:
 + Level 9.0 Fighting
 * Level 12.4 Axes
 * Level 10.5 Ranged Weapons
 - Level 2.0 Throwing
 - Level 2.4 Armour
 - Level 2.1 Dodging
 + Level 5.1 Evocations


You had 9 spell levels left.
You didn't know any spells.
Your spell library was empty.

Dungeon Overview and Level Annotations

Branches:
Dungeon (10/15) Zot: 26426  Temple (0/1) D:4
   Lair: D:8-11         Orc: D:9-12

Altars:
Ashenzari
Dithmenos
Elyvilon
Gozag
Hepliaklqana
Makhleb
Qazlal
Uskayaw
Wu Jian
Xom
The Shining One

Shops:
D:2 (   D:9 =

Annotations:
D:4 1 runed translucent door
D:7 1 runed translucent door, Crazy Yiuf
D:10 Sonja


Innate Abilities, Weirdness & Mutations

You have a pair of horns on your head.
You reflexively headbutt those who attack you in melee.


Message History

Sonja hits you but does no damage.
You are more poisoned.
Sonja hits you but does no damage.
You miss Sonja. Your headbutt misses Sonja.
You feel extremely sick. Sonja hits you but does no damage.
You are more poisoned.
Sonja hits you but does no damage.
Sonja hits you with a +1 dagger of venom.
You are more poisoned.
Sonja hits you with a +1 dagger of venom.
You are more poisoned.
Sonja barely misses you. Sonja hits you but does no damage.
You completely miss Sonja. Your headbutt misses Sonja.
You feel extremely sick. Sonja hits you but does no damage.
You are more poisoned.
Sonja hits you but does no damage. x2
You are more poisoned.
You barely miss Sonja.
* * * LOW HITPOINT WARNING * * *
You feel extremely sick. Sonja hits you but does no damage. x2
You are more poisoned.
You block Sonja's attack.
Sonja casts a spell.
Sonja blinks!
A red film seems to cover your vision as you go berserk!
You feel yourself moving faster!
You feel mighty!
You feel extremely sick.
Sonja throws a curare-tipped dart.
The curare-tipped dart hits you.
You are more poisoned.
You have difficulty breathing.
* * * LOW HITPOINT WARNING * * *
You feel yourself slow down.
You feel a strong urge to attack something.
* * * LOW HITPOINT WARNING * * *
You feel extremely sick.
* * * LOW HITPOINT WARNING * * *
You feel extremely sick.
Sonja throws a curare-tipped dart.
The curare-tipped dart barely misses you.
You feel your anger nearly subside.
You are no longer berserk.
You are exhausted.
You feel as though you will be slow longer.
* * * LOW HITPOINT WARNING * * *
You feel extremely sick.
You block Sonja's attack. x2; Sonja barely misses you.
You slash Sonja!
You die...

#... .. .... . ##
#..# .# #..###..#
.# ........# ..#
........######..#
#....#......)...#
#..........@K...#
..##..<######..#
##..# .# #..# #
#..# #..# #...
.... ...#


You could see Sonja.

Vanquished Creatures
  Joseph (D:10)
  A hornet (D:9)
  3 wyverns
  A basilisk (D:10)
  14 yaks
  A steam dragon (D:6)
  3 water moccasins
  3 sky beasts (D:7)
  The ghost of Dynojp the Shield-Bearer, an amateur TrFi of the Shining One (D:4)
  An orc warrior (D:9)
  An ice beast (D:4)
  An ogre (D:7)
  4 centaurs
  A phantom (D:5)
  3 kobold brigands
  Blork the orc (D:5)
  A bullfrog (D:4)
  A scorpion (D:4)
  12 killer bees (D:9)
  6 howler monkeys
  A jelly (D:5)
  7 hounds
  A gnoll bouda (D:6)
  4 orc priests
  6 orc wizards
  2 sleepcaps
  9 iguanas
  Robin (D:2)
  10 gnolls
  9 adders
  2 shadow imps
  2 white imps
  3 ufetubi
  3 worms
  3 dart slugs
  41 orcs
  7 endoplasms
  8 giant cockroaches
  7 hobgoblins
  4 jackals
  22 kobolds
  4 quokkas
  10 ball pythons
  5 bats
  4 frilled lizards
  14 goblins
  3 rats
252 creatures vanquished.

Vanquished Creatures (others)
  An orc (D:6)
1 creature vanquished.

Grand Total: 253 creatures vanquished

Notes
Turn   | Place    | Note
-------+----------+-------------------------------------------
     0 | D:1      | Pooter the Minotaur Berserker began the quest for the Orb.
     0 | D:1      | Reached XP level 1. HP: 19/19 MP: 0/0
    81 | D:1      | Reached skill level 4 in Axes
   144 | D:1      | Reached XP level 2. HP: 22/27 MP: 1/1
   621 | D:1      | Found a faded altar of an unknown god.
   649 | D:2      | Reached XP level 3. HP: 33/33 MP: 2/2
   713 | D:2      | Found Hutoem's Weapon Emporium.
   713 | D:2      | Noticed Robin
   721 | D:2      | Reached ** piety under Trog
   725 | D:2      | Reached skill level 1 in Throwing
   728 | D:2      | Killed Robin
   930 | D:2      | Found a hide-covered altar of Uskayaw.
  1071 | D:2      | Reached XP level 4. HP: 40/40 MP: 3/3
  1427 | D:3      | Reached skill level 5 in Axes
  1446 | D:3      | Reached skill level 1 in Ranged Weapons
  1541 | D:3      | Found a white marble altar of Elyvilon.
  1541 | D:3      | Found a shadowy altar of Dithmenos.
  1606 | D:2      | Bought a +1 orcbow of flaming for 146 gold pieces
  1647 | D:3      | Found an opulent altar of Gozag.
  1654 | D:3      | Found a shimmering altar of Xom.
  1780 | D:3      | Identified the +5 hand axe "Bidu" {antimagic, Dex+3}
  1809 | D:3      | Reached XP level 5. HP: 47/47 MP: 4/4
  2016 | D:4      | Found a broken altar of Ashenzari.
  2105 | D:4      | Identified the +4 dagger "Esonwea" {pain, rElec rPois rC-
                  | Str+4}
  2174 | D:4      | Found a glowing golden altar of the Shining One.
  2259 | D:4      | Found a runed translucent door.
  2388 | D:4      | Reached skill level 6 in Axes
  2388 | D:4      | Reached XP level 6. HP: 55/55 MP: 1/5
  2445 | D:4      | Found a runed translucent door.
  2446 | D:4      | Noticed Dynojp's ghost (amateur TrFi)
  2465 | D:4      | Killed Dynojp's ghost
  2466 | D:4      | Reached skill level 5 in Fighting
  2627 | D:4      | Found a staircase to the Ecumenical Temple.
  2671 | D:4      | Noticed an ice beast
  2674 | D:4      | Killed an ice beast
  2675 | D:4      | Reached skill level 7 in Axes
  2675 | D:4      | Reached XP level 7. HP: 61/61 MP: 6/6
  2997 | D:5      | Entered Level 5 of the Dungeon
  3127 | D:5      | Reached skill level 5 in Ranged Weapons
  3253 | D:5      | Reached skill level 1 in Evocations
  3530 | D:5      | Reached *** piety under Trog
  3587 | D:5      | Noticed Blork the orc
  3600 | D:5      | Killed Blork the orc
  3601 | D:5      | Reached skill level 8 in Axes
  3601 | D:5      | Reached XP level 8. HP: 63/70 MP: 7/7
  5021 | D:7      | Reached skill level 9 in Axes
  5169 | D:7      | Found a stormy altar of Qazlal.
  5255 | D:7      | Found a hazy altar of Hepliaklqana.
  5316 | D:7      | Reached XP level 9. HP: 63/78 MP: 8/8
  5456 | D:7      | Found an ornate altar of the Wu Jian Council.
  5945 | D:7      | Found a runed translucent door.
  5946 | D:7      | Noticed Crazy Yiuf
  6409 | D:8      | Reached skill level 10 in Axes
  6996 | D:8      | Found a runed translucent door.
  7261 | D:8      | Reached **** piety under Trog
  8143 | D:9      | Reached skill level 11 in Axes
  8194 | D:9      | Found Cimeaky's Jewellery Shop.
  8198 | D:9      | Bought a ring of see invisible for 195 gold pieces
  8228 | D:9      | Reached XP level 10. HP: 88/88 MP: 9/9
  8821 | D:9      | Paralysed by a hornet for 2 turns
  9091 | D:10     | Entered Level 10 of the Dungeon
  9091 | D:10     | Found a burning altar of Makhleb.
  9108 | D:9      | Reached skill level 10 in Ranged Weapons
  9244 | D:10     | Reached skill level 12 in Axes
  9250 | D:9      | Reached skill level 5 in Evocations
  9435 | D:10     | Noticed Sonja
  9442 | D:10     | Noticed Joseph
  9623 | D:10     | Killed Joseph
  9633 | D:10     | Succumbed to Sonja's curare-tipped dart

Illustrated notes

Levels and vault maps discovered:
D:1:      orjb1_lava_funnel, layout_rooms, shapermc_ecumenical_altar_mp_vishouse
D:2:      layout_loops_ring, serial_shops, nicolae_shop_bloodbath_and_beyond,
          basic_altar, uniq_robin
D:3:      layout_rooms, gammafunk_temple_overflow_wave, minitemple
D:4:      minmay_diamond_boxcup, layout_basic, tso_metal_star,
          evilmike_ruin_ashenzari, temple_statues, ebering_ghost_sewer_f
D:5:      layout_basic, uniq_blork_the_orc
D:6:      layout_cave_pools
D:7:      layout_loops_ring, nicolae_hepliaklqana_hippocampus,
          kennysheep_mini_moat, lemuel_doored_altar, nrook_pool_corridor,
          uniq_crazy_yiuf_cottage
D:8:      layout_loops_ring, lightli_church_of_beogh
D:9:      layout_roguey, serial_shops, nicolae_shop_back_alley_shop,
          chequers_jeans
D:10:     layout_small_grid, mainiacjoe_overflow_tiny_flanked,
          minmay_lair_entry_grove, kennysheep_cluttered_room,
          nicolae_houndstooth_variations, uniq_sonja, uniq_joseph

Skill      XL: |  1  2  3  4  5  6  7  8  9 10 |
---------------+-------------------------------+-----
Axes           | 4 5 6 7 8 9 11 12 | 12.4
Fighting       | 4 5 6 8 9 |  9.0
Throwing       | 1 2 |  2.0
Ranged Weapons | 1 2 4 5 7 9 10 | 10.5
Evocations     | 1 2 4 5 |  5.1
Armour         | |  2.4
Dodging        | |  2.1

Action                     |  1- 3 |  4- 6 |  7- 9 | 10-12 || total
---------------------------+-------+-------+-------+-------++-------
  Melee: Hand axe          |    25 |     8 |       |       ||    33
         Headbutt          |     9 |     8 |    25 |    15 ||    57
         War axe           |    51 |    83 |   204 |    80 ||   418
         Punch             |       |       |     1 |     1 ||     2
   Fire: Sling             |    13 |    24 |       |       ||    37
         Orcbow            |       |    42 |   107 |     6 ||   155
  Throw: Javelin           |       |     2 |     9 |     2 ||    13
         Dart              |       |     2 |     6 |       ||     8
 Invoke: Berserk           |     1 |     3 |     5 |     4 ||    13
         Trog's Hand       |       |     4 |     7 |     5 ||    16
  Evoke: Wand              |       |       |       |     1 ||     1
    Use: Scroll            |       |     4 |    14 |     1 ||    19
   Stab: Paralysed         |       |       |       |     3 ||     3
 Armour: Animal skin       |    17 |       |       |       ||    17
         Chain mail        |    38 |   115 |   142 |       ||   295
         Plate armour      |       |       |   128 |   138 ||   266
  Dodge: Dodged            |    56 |    77 |   157 |    40 ||   330
  Block: Other             |       |       |    37 |    30 ||    67
         Reflection        |       |       |     3 |       ||     3

Table legend: (Time is in decaauts)
 A = Elapsed time spent in this place.
 B = Non-inter-level travel time spent in this place.
 C = Inter-level travel time spent in this place.
 D = Time resting spent in this place.
 E = Time spent auto-exploring this place.
 F = Levels seen in this place.
 G = Mean time per level.
                   A        B        C        D        E       F      G
               +--------+--------+--------+--------+--------+-----+--------+
         Total |  10018 |   9684 |    334 |   2571 |   5243 |  10 | 1001.8 |
       Dungeon |  10018 |   9684 |    334 |   2571 |   5243 |  10 | 1001.8 |
               +--------+--------+--------+--------+--------+-----+--------+

Top non-repeatable levels by time:
     D:9: 2280 daAuts
     D:7: 1363 daAuts
     D:4: 1223 daAuts
     D:8: 1130 daAuts
     D:6: 1075 daAuts
     D:5: 991 daAuts
     D:2: 828 daAuts
     D:1: 650 daAuts
     D:3: 429 daAuts
    D:10: 47 daAuts
